 Dungeon Crawl Stone Soup version 0.32-a0-42-ga30500b4d3 (webtiles) character file.

Game seed: 5651407861875549211

82346 seren the Lord of Darkness (level 15, -13/112 HPs)
             Began as a Demonspawn Necromancer on Jan 28, 2024.
             Was the Champion of Kikubaaqudgha.
             Mangled by a two-headed ogre
             ... wielding a +0 giant spiked club
              (20 damage)
             ... while paralysed by an ogre mage
             ... on level 2 of the Orcish Mines on Jan 30, 2024.
             The game lasted 02:54:14 (25092 turns).

seren the Lord of Darkness (DsNe)                  Turns: 25092, Time: 02:54:15

Health: -13/112    AC: 18    Str: 11    XL:     15   Next: 29%
Magic:  32/39      EV:  2    Int: 33    God:    Kikubaaqudgha [******]
Gold:   1473       SH:  0    Dex: 15    Spells: 2/36 levels left

rFire   + + +        a - +6 whip of Due Proportion {venom, Fly rN+ rCorr MP+9}
rCold   . . .        T - +0 buckler
rNeg    + . .        r - +2 leather armour {rF+}
rPois   +            c - +2 hat "Earthly Heaven" {Int+4 Dex+2}
rElec   .            U - +2 cloak {rPois}
rCorr   +            S - +0 pair of gloves
SInv    .            f - +0 pair of boots
Will    +....        y - amulet of regeneration
Stlth   ++           M - ring of protection from fire
HPRegen 1.18/turn    x - ring of the Final Chapter {rF+ AC+4 Int+4}
MPRegen 0.26/turn

%: no passive effects
@: paralysed, animating dead, flying
A: foul stench 2, powered by death 2, big brain 2, demonic touch 1
a: Renounce Religion, Unearth Wretches, Torment, Brand Weapon With Pain, Receive
Forbidden Knowledge


You were on level 2 of the Orcish Mines.
You worshipped Kikubaaqudgha.
Kikubaaqudgha was exalted by your worship.
You visited 4 branches of the dungeon, and saw 23 of its levels.
You also visited: Gauntlet.

You collected 1473 gold pieces.

Inventory:

Hand Weapons
 a - the +6 whip of Due Proportion (weapon) {venom, Fly rN+ rCorr MP+9}
   (You found it on level 11 of the Dungeon)

   rN+:       It protects you from negative energy.
   MP+9:      It affects your magic capacity (+9).
   Fly:       It grants you flight.
   rCorr:     It protects you from acid and corrosion.
 b - the +6 whip of Wyrd {elec, +Blink rElec rF+++ rC- Stlth-}
   (You took it off a skeletal warrior on level 11 of the Dungeon)

   rF+++:     It renders you almost immune to fire.
   rC-:       It makes you vulnerable to cold.
   rElec:     It insulates you from electricity.
   +Blink:    It lets you blink.
   Stlth-:    It makes you less stealthy.
 A - a +2 antimagic spear
Missiles
 h - 3 throwing nets {!f}
 j - 22 poisoned darts
 k - 9 atropa-tipped darts (quivered)
 W - a curare-tipped dart
Armour
 c - the +2 hat "Earthly Heaven" (worn) {Int+4 Dex+2}
   (You acquired it on level 1 of the Lair of Beasts)

   Int+4:     It affects your intelligence (+4).
   Dex+2:     It affects your dexterity (+2).
 f - a +0 pair of boots (worn)
 r - a +2 leather armour of fire resistance (worn)
 S - a +0 pair of gloves (worn)
 T - a +0 buckler (worn)
 U - a +2 cloak of poison resistance (worn)
Jewellery
 d - a +6 ring of strength
 e - a ring of resist corrosion
 x - the ring of the Final Chapter (right hand) {rF+ AC+4 Int+4}
   (You found it on level 3 of the Dungeon)

   [ring of protection]

   AC+4:      It affects your AC (+4).
   Int+4:     It affects your intelligence (+4).
   rF+:       It protects you from fire.
 y - an amulet of regeneration (around neck)
 M - a ring of protection from fire (left hand)
 V - a ring of willpower
Talismans
 G - a granite talisman
Wands
 l - a wand of paralysis (13)
 p - a wand of roots (12)
 I - a wand of flame (23)
 O - a wand of polymorph (10)
 X - a wand of digging (4)
 Y - a wand of mindburst (1)
Scrolls
 g - a scroll of silence
 i - a scroll of teleportation {!r}
 o - a scroll of fog
 z - 2 scrolls of immolation
 C - a scroll of amnesia
 K - a scroll of blinking {!r}
 N - 3 scrolls of revelation
 P - a scroll of vulnerability
 Q - a scroll of enchant weapon
 R - a scroll of enchant armour
Potions
 m - 4 potions of enlightenment
 n - a potion of invisibility {unknown}
 q - a potion of lignification {unknown}
 s - a potion of cancellation {unknown}
 t - 8 potions of curing
 u - 3 potions of resistance
 v - a potion of berserk rage {unknown}
 w - 5 potions of haste
 B - 2 potions of ambrosia
 D - 2 potions of heal wounds
 F - a potion of degeneration {unknown}
 H - 3 potions of mutation {!q}
 L - 2 potions of magic
 Z - a potion of attraction


   Skills:
 + Level 8.9 Fighting
 - Level 6.0 Short Blades
 + Level 4.4 Maces & Flails
 + Level 7.5 Armour
 - Level 10.0 Dodging
 - Level 4.0 Stealth
 + Level 3.4 Shields
 + Level 11.3 Spellcasting
 + Level 8.2 Summonings
 + Level 14.5 Necromancy
 - Level 3.9 Earth Magic
 - Level 6.0 Evocations


You had 2 spell levels left.
You knew the following spells:

 Your Spells              Type           Power      Damage    Failure   Level
a - Animate Dead          Necr           86%        N/A       1%          4
b - Borgnjor's Vile Clut  Necr/Erth      34%        N/A       2%          5
c - Curse of Agony        Necr           86%        N/A       1%          5
d - Dispel Undead         Necr           86%        3d28      1%          4
e - Haunt                 Necr/Summ      38%        N/A       34%         7
f - Fugue of the Fallen   Necr           86%        N/A       1%          3
g - Necrotise             Necr           100%       1d9       0%          1
s - Sublimation of Blood  Necr           86%        N/A       1%          2
v - Vampiric Draining     Necr           86%        2d12      1%          3

Your spell library contained the following spells:

 Spells                   Type           Power      Damage    Failure   Level
 Lesser Beckoning         Tloc           36%        N/A       7%          2
 Scorch                   Fire           36%        2d6       7%          2
 Call Canine Familiar     Summ           65%        N/A       1%          3
 Martyr's Knell           Necr/Summ      76%        N/A       1%          4
 Death Channel            Necr           43%        N/A       1%          6
 Summon Ice Beast         Ice/Summ       46%        N/A       2%          3
 Anguish                  Hex/Necr       30%        N/A       2%          4
 Dazzling Flash           Conj/Hex       36%        N/A       13%         3
 Gell's Gravitas          Tloc           18%        N/A       13%         3
 Sigil of Binding         Hex            18%        N/A       13%         3
 Teleport Other           Tloc           18%        N/A       13%         3
 Volatile Blastmotes      Fire/Tloc      36%        2d13      13%         3
 Summon Mana Viper        Hex/Summ       46%        N/A       22%         5
 Summon Cactus Giant      Summ           32%        N/A       22%         6
 Cause Fear               Hex            9%         N/A       41%         4
 Dimensional Bullseye     Hex/Tloc       9%         N/A       41%         4
 Flame Wave               Conj/Fire      18%        2d7       41%         4
 Borgnjor's Revivificati  Necr           43%        N/A       58%         8
 Monstrous Menagerie      Summ           32%        N/A       77%         7
 Starburst                Conj/Fire      9%         6d5       100%        6
 Enfeeble                 Hex            9%         N/A       100%        7
 Maxwell's Capacitive Co  Air            9%         ∞         100%        8
 Death's Door             Necr           43%        N/A       100%        9


Dungeon Overview and Level Annotations

Branches:
Dungeon (15/15)            Temple (1/1) D:7            Lair (5/5) D:10
 Shoals (0/4) Lair:3        Snake (0/4) Lair:2        Slime (0/5) Lair:5
    Orc (2/2) D:10            Elf (0/3) Orc:2        Depths (0/4) D:15
Gauntlet (visited)
 Vaults: D:13-14

Altars:
Ashenzari
Cheibriados
Dithmenos
Fedhas
Gozag
Hepliaklqana
Kikubaaqudgha
Makhleb
Nemelex Xobeh
Okawaru
Qazlal
Ru
Sif Muna
Trog
Uskayaw
Vehumet
Wu Jian
Xom
Yredelemnul
Jiyva

Shops:
D:10 (

Annotations:
D:4 exclusion: downstairs
D:6 3 runed translucent doors, 1Anon's ghost, amateur MiFi; NoMoreGames's ghost, novice DgCj; Takeo's ghost, novice MfGl; mopl's ghost, novice DjSh
D:8 Gastronok; Jeremiah
D:14 Kirke
Lair:1 3 runed translucent doors, exclusion: downstairs, Juexoadu's ghost, journeyman BaFi
Lair:2 1 runed translucent door, kae's ghost, journeyman DsSh
Lair:5 exclusion: ice dragon


Innate Abilities, Weirdness & Mutations

You sometimes emit foul miasma when damaged in melee.
You regenerate health from kills.
You have an extremely huge brain. (Int +4)
Your touch may inflict minor irresistible damage on your foes.


Message History

The two-headed ogre is lightly wounded.
The two-headed ogre closely misses you.
The two-headed ogre hits you with a +0 dire flail!
The ogre mage casts a spell at you. You resist with some effort.
You barely miss the two-headed ogre.
The two-headed ogre is lightly wounded.
The two-headed ogre hits you with a +0 giant club!
You block the two-headed ogre's attack.
The ogre mage gestures at you while chanting.
You suddenly lose the ability to move!
The two-headed ogre hits you with a +0 giant spiked club.
The two-headed ogre hits you with a +0 giant club!
The ogre mage gestures wildly while chanting.
The ogre mage flickers and vanishes!
Deactivating autopickup; reactivate with Ctrl-A.
The two-headed ogre hits you but does no damage.
The two-headed ogre hits you with a +0 dire flail!
* * * LOW HITPOINT WARNING * * *
The two-headed ogre hits you with a +0 giant spiked club.
* * * LOW HITPOINT WARNING * * *
The two-headed ogre hits you but does no damage.
The two-headed ogre hits you with a +0 giant club.
* * * LOW HITPOINT WARNING * * *
The two-headed ogre hits you but does no damage.
The two-headed ogre hits you with a +0 giant spiked club.
* * * LOW HITPOINT WARNING * * *
The two-headed ogre hits you with a +0 giant club!
* * * LOW HITPOINT WARNING * * *
You emit a cloud of foul miasma!
The two-headed ogre hits you but does no damage.
The two-headed ogre hits you with a +0 dire flail!
* * * LOW HITPOINT WARNING * * *
The two-headed ogre is engulfed in dark miasma.
The two-headed ogre is poisoned.
The two-headed ogre hits you with a +0 giant spiked club!!
* * * LOW HITPOINT WARNING * * *
The two-headed ogre hits you with a +0 giant club!!
You die...
Kikubaaqudgha rasps: "You have failed me!
Welcome... death!"

,,** **,** ******,,,,*,**
,*,***,,,* ##**,**...,,,,,,**
,,,,**,,** ##.#,,,...,,..,,*,****
,,,,,,,,,**#...*,...#*....,,,,**,
....#*,,..##...**...##.#......#,,
....**,#...#...###.##...#.....#*,
...##...$.#....[..............##,
...............[...............#*
.$.$....$.......@O..............,
...............#)O.....##.#.....,
...............).....[[.........*
.....................[).........*
O..........).......)))<)........,
.Z.........)....)....#[.........,
...........))...................,
...........).....#).............,
...{.........)..................,


You could see 2 two-headed ogres.

Vanquished Creatures
  A dire elephant (Lair:5)
  An ettin (Orc:1)
  3 hydras
  Harold (Lair:1)
  2 centaur warriors
  2 ogre magi
  13 two-headed ogres
  2 boulder beetles
  5 death yaks
  An orc high priest (Orc:1)
  A skeletal warrior (D:11)
  An orc knight (Orc:1)
  2 lindwurms
  A deep elf pyromancer (D:11)
  An orc sorcerer (Orc:1)
  8 ugly things
  2 kobold blastminers (Orc:2)
  8 elephants
  A meliai (D:10)
  9 black mambas
  2 gargoyles
  5 torpor snails (Lair:5)
  8 cane toads
  2 rime drakes
  7 komodo dragons
  A yaktaur (D:11)
  3 kobold demonologists
  3 unseen horrors (D:11)
  An efreet (D:14)
  2 tengu conjurers
  7 trolls
  8 hornets
  Prince Ribbit (D:8)
  A tarantella (shapeshifter) (D:11)
  2 tyrant leeches (Lair:5)
  2 dream sheep (Lair:5)
  6 blink frogs
  2 slime creatures
  Sigmund (D:5)
  A shadow (D:11)
  2 vampires (D:11)
  20 yaks
  2 wraiths
  4 basilisks
  2 wyverns
  Eustachio (D:5)
  A golden eye (D:10)
  A warg (D:10)
  Grum (Lair:1)
  3 vampire mosquitoes
  Menkaure (D:5)
  A naga (Lair:2)
  14 water moccasins
  2 acid dragons
  2 sky beasts
  19 orc warriors
  An ice beast (D:5)
  3 black bears
  19 ogres
  7 centaurs
  7 wolves
  A lemure (D:8)
  3 phantoms
  2 kobold brigands
  10 bullfrogs
  A gnoll sergeant (D:7)
  4 scorpions
  10 wights
  19 killer bees
  4 howler monkeys
  4 bombardier beetles
  A gnoll bouda (D:7)
  7 hounds
  A jelly (D:7)
  7 orc priests
  2 iguanas
  A sleepcap (D:5)
  8 hell rats
  11 orc wizards
  7 gnolls
  8 adders
  4 river rats
  5 ufetubi
  3 dart slugs (D:2)
  2 ribbon worms (D:4)
  69 orcs
  5 ball pythons
  6 endoplasms
  4 giant cockroaches
  5 goblins
  14 hobgoblins
  11 jackals
  23 kobolds
  A quokka (D:4)
  5 bats
  4 frilled lizards
  11 rats
  A butterfly (D:7)
527 creatures vanquished.

Vanquished Creatures (collateral kills)
  A fire dragon (Orc:1)
  A hydra (Lair:5)
  A two-headed ogre (Orc:2)
  A boulder beetle (D:11)
  A catoblepas (Lair:5)
  Erica (Lair:1)
  2 death yaks (Lair:4)
  Urug (Lair:1)
  2 skysharks (Lair:5)
  A lindwurm (Lair:5)
  Pikel (D:9)
  An orc knight (Orc:1)
  An ugly thing (D:11)
  A cyclops (D:11)
  11 elephants
  2 black mambas (Lair:5)
  A torpor snail (Lair:5)
  2 rime drakes
  A komodo dragon (Lair:5)
  A troll (D:9)
  2 tyrant leeches (Lair:5)
  A hornet (Lair:5)
  5 blink frogs
  A shadow (D:9)
  8 yaks
  A wyvern (Lair:5)
  A basilisk (Lair:5)
  A warg (Orc:1)
  2 nagas (Lair:2)
  5 water moccasins (Lair:5)
  3 orc warriors
  5 ogres
  4 wolves
  6 centaurs
  3 bullfrogs
  3 wights
  2 howler monkeys
  An orc priest (D:9)
  3 hell rats (Lair:2)
  4 gnolls (D:7)
  2 river rats (Lair:1)
  An ufetubus (D:5)
  5 orcs
  2 ball pythons
  A goblin (D:2)
  2 hobgoblins
  A jackal (D:2)
  A bat (D:2)
  2 frilled lizards
  3 kobolds
  2 rats (Lair:1)
  2 butterflies
119 creatures vanquished.

Vanquished Creatures (others)
  A death knight (D:9)
  A deep elf pyromancer (D:8)
  2 ugly thing zombies
  A death yak zombie (Lair:5)
  2 hydra zombies (Lair:5)
  A hornet (Lair:5)
  5 black mamba zombies
  A basilisk (D:9)
  A tyrant leech zombie (Lair:5)
  3 two-headed ogre zombies (Orc:2)
  A human zombie (D:9)
  2 cane toad zombies
  7 elephant zombies
  2 dream sheep zombies (Lair:5)
  A lindwurm zombie (Lair:5)
  A hornet zombie (Lair:5)
  2 blink frog zombies (Lair:3)
  A torpor snail zombie (Lair:5)
  A rime drake zombie (Lair:5)
  A komodo dragon zombie (Lair:2)
  A cyclops zombie (D:11)
  A warg zombie (Orc:1)
  A wyvern zombie (Lair:5)
  3 water moccasin zombies (Lair:5)
  4 troll zombies
  8 yak zombies
  5 wolf zombies (Lair:2)
  A howler monkey (D:8)
  7 centaur zombies
  4 bullfrog zombies
  2 basilisk zombies
  An orc wizard (D:9)
  13 ogre zombies
  3 naga zombies (Lair:2)
  A hell rat zombie (Lair:2)
  A howler monkey zombie (D:8)
  A jelly zombie (D:7)
  A dart slug (D:8)
  A dart slug zombie (D:8)
  A gnoll zombie (D:8)
  8 kobold zombies
  35 orc zombies
  2 rat zombies (Lair:1)
142 creatures vanquished.

Grand Total: 788 creatures vanquished

Notes
Turn   | Place    | Note
-------+----------+-------------------------------------------
     0 | D:1      | seren the Demonspawn Necromancer began the quest for the
                  | Orb.
     0 | D:1      | Reached XP level 1. HP: 13/13 MP: 3/3
   297 | D:1      | Gained mutation: You regenerate a little health from kills.
                  | [demonic ancestry]
   297 | D:1      | Reached XP level 2. HP: 19/19 MP: 3/5
   865 | D:1      | Reached XP level 3. HP: 24/24 MP: 4/6
   969 | D:1      | Learned a level 3 spell: Vampiric Draining
  1555 | D:2      | Gained mutation: You have an unusually large brain. (Int
                  | +2) [demonic ancestry]
  1555 | D:2      | Reached XP level 4. HP: 30/30 MP: 2/7
  1755 | D:2      | Found a faded altar of an unknown god.
  1810 | D:2      | Reached skill level 5 in Necromancy
  2026 | D:3      | Identified the ring of the Final Chapter {rF+ AC+4 Int+4}
  2329 | D:3      | Learned a level 4 spell: Animate Dead
  2644 | D:4      | Reached skill level 1 in Armour
  2644 | D:4      | Gained mutation: You may rarely emit foul miasma when
                  | damaged in melee. [demonic ancestry]
  2644 | D:4      | Reached XP level 5. HP: 35/35 MP: 4/9
  2656 | D:4      | Found a snail-covered altar of Cheibriados.
  2689 | D:4      | Found a sparkling altar of Nemelex Xobeh.
  2695 | D:4      | Found a hide-covered altar of Uskayaw.
  2944 | D:4      | Found a hazy altar of Hepliaklqana.
  2969 | D:4      | Reached XP level 6. HP: 42/42 MP: 8/10
  3082 | D:4      | Reached skill level 1 in Fighting
  3353 | D:4      | Noticed a water moccasin
  3388 | D:4      | Found a radiant altar of Vehumet.
  3392 | D:4      | Found a basalt altar of Yredelemnul.
  3471 | D:5      | Entered Level 5 of the Dungeon
  3497 | D:5      | Noticed Sigmund
  3648 | D:5      | Noticed Menkaure
  3699 | D:5      | Found a shimmering altar of Xom.
  3715 | D:5      | Reached XP level 7. HP: 49/49 MP: 8/12
  3802 | D:5      | Noticed Eustachio
  3977 | D:5      | Reached skill level 6 in Necromancy
  4019 | D:5      | Reached skill level 1 in Evocations
  4048 | D:5      | Found an iron altar of Okawaru.
  4303 | D:6      | Reached XP level 8. HP: 47/56 MP: 14/14
  4674 | D:6      | Reached skill level 7 in Necromancy
  4809 | D:6      | Found a runed translucent gate.
  4809 | D:6      | Found a runed translucent gate.
  4810 | D:6      | Found a runed translucent gate.
  4811 | D:6      | Noticed NoMoreGames's ghost (novice DgCj)
  4812 | D:6      | Noticed Takeo's ghost (novice MfGl)
  4812 | D:6      | Noticed mopl's ghost (novice DjSh)
  4812 | D:6      | Noticed 1Anon's ghost (amateur MiFi)
  4979 | D:6      | Found an ancient bone altar of Kikubaaqudgha.
  4993 | D:6      | Became a worshipper of Kikubaaqudgha
  5758 | D:7      | Reached skill level 8 in Necromancy
  5893 | D:7      | Reached skill level 5 in Spellcasting
  5911 | D:7      | Gained mutation: You regenerate health from kills. [demonic
                  | ancestry]
  5911 | D:7      | Reached XP level 9. HP: 62/63 MP: 8/16
  5999 | D:6      | Reached skill level 5 in Dodging
  6113 | D:7      | Reached * piety under Kikubaaqudgha
  6113 | D:7      | Received a gift from Kikubaaqudgha
  6323 | D:7      | Found a staircase to the Ecumenical Temple.
  6332 | Temple   | Entered the Ecumenical Temple
  6591 | D:8      | Noticed a two-headed ogre
  6637 | D:8      | Noticed Jeremiah
  6649 | D:7      | Reached skill level 9 in Necromancy
  6788 | D:8      | Noticed Prince Ribbit
  6812 | D:8      | Killed Prince Ribbit
  7017 | D:8      | Noticed Gastronok
  7312 | D:5      | Killed Eustachio
  7356 | D:5      | Learned a level 5 spell: Curse of Agony
  7419 | D:5      | Killed Menkaure
  7480 | D:5      | Killed Sigmund
  7481 | D:5      | Reached skill level 10 in Necromancy
  7919 | D:8      | Reached skill level 5 in Evocations
  7939 | D:8      | Gained mutation: Your touch may inflict minor irresistible
                  | damage on your foes. [demonic ancestry]
  7939 | D:8      | Reached XP level 10. HP: 70/70 MP: 2/19
  8795 | D:9      | Noticed Pikel
  8953 | D:9      | Reached skill level 11 in Necromancy
  9075 | D:9      | Learned a level 3 spell: Summon Ice Beast
  9111 | D:8      | Killed a two-headed ogre
  9112 | D:8      | Reached skill level 1 in Summonings
  9462 | D:9      | Found a broken altar of Ashenzari.
  9670 | D:8      | Learned a level 2 spell: Sublimation of Blood
  9674 | D:8      | Learned a level 3 spell: Fugue of the Fallen
  9775 | D:9      | Reached skill level 1 in Short Blades
  9891 | D:9      | Killed Pikel
 10021 | D:9      | Gained mutation: You have an extremely huge brain. (Int +4)
                  | [demonic ancestry]
 10021 | D:9      | Reached XP level 11. HP: 56/77 MP: 13/21
 10461 | D:10     | Entered Level 10 of the Dungeon
 10499 | D:10     | Noticed a sixfirhy
 10572 | D:10     | Noticed a sun demon
 10620 | D:10     | Noticed a centaur warrior
 10632 | D:10     | Killed a centaur warrior
 10658 | D:10     | Noticed a five-headed hydra
 10907 | D:9      | Reached ** piety under Kikubaaqudgha
 11140 | D:9      | Killed a five-headed hydra
 11530 | D:9      | Reached skill level 5 in Fighting
 11882 | D:10     | Noticed a sixfirhy
 12137 | D:10     | Found a staircase to the Lair.
 12541 | D:9      | Reached skill level 12 in Necromancy
 12655 | D:10     | Found a staircase to the Orcish Mines.
 12656 | D:10     | Found Udakk's Weapon Emporium.
 12973 | Lair:1   | Entered Level 1 of the Lair of Beasts
 13277 | Lair:1   | Noticed Grum
 13286 | Lair:1   | Killed Grum
 13305 | Lair:1   | Noticed Harold
 13369 | D:11     | Found a gate leading to a gauntlet.
 13382 | Gauntlet | Entered a Gauntlet
 13382 | Gauntlet | Found a transporter.
 13385 | Gauntlet | Found a transporter.
 13386 | Gauntlet | Found a runed translucent door.
 13388 | Gauntlet | Found a transporter.
 13388 | Gauntlet | Noticed a ghost crab
 13389 | Gauntlet | Found a transporter.
 13392 | Gauntlet | Found a transporter.
 13393 | Gauntlet | Found a transporter.
 13401 | Gauntlet | Found a transporter.
 13401 | Gauntlet | Noticed a green death
 13410 | Gauntlet | Noticed a reaper
 13423 | Gauntlet | Found a transporter.
 13434 | Gauntlet | Found a transporter.
 13434 | Gauntlet | Found a transporter.
 13438 | Gauntlet | Noticed a dire elephant
 13441 | Gauntlet | Found a transporter.
 13512 | Gauntlet | Found a transporter.
 13538 | Gauntlet | Found a runed translucent door.
 13815 | Orc:1    | Entered Level 1 of the Orcish Mines
 13854 | Orc:1    | Reached *** piety under Kikubaaqudgha
 13854 | Orc:1    | Received a gift from Kikubaaqudgha
 13925 | Lair:1   | Killed Harold
 13926 | Lair:1   | Reached skill level 5 in Summonings
 14037 | Lair:1   | Found a runed translucent gate.
 14037 | Lair:1   | Found a runed translucent gate.
 14037 | Lair:1   | Found a runed translucent gate.
 14038 | Lair:1   | Noticed Juexoadu's ghost (journeyman BaFi)
 14073 | Lair:1   | Noticed Erica
 14081 | Lair:1   | Killed Erica
 14082 | Lair:1   | Gained mutation: You sometimes emit foul miasma when
                  | damaged in melee. [demonic ancestry]
 14082 | Lair:1   | Reached XP level 12. HP: 83/86 MP: 18/24
 14454 | Lair:1   | Noticed Urug
 14463 | Lair:1   | Killed Urug
 14688 | Lair:2   | Noticed a boulder beetle
 14793 | Lair:2   | Killed a boulder beetle
 15125 | Lair:2   | Found a runed translucent door.
 15137 | Lair:2   | Noticed kae's ghost (journeyman DsSh)
 15364 | Lair:2   | Reached **** piety under Kikubaaqudgha
 15387 | Lair:2   | Found a staircase to the Snake Pit.
 15454 | Lair:2   | Noticed a death yak
 15454 | Lair:2   | Noticed a death yak
 15705 | Orc:1    | Noticed an ettin
 16575 | Lair:3   | Reached skill level 13 in Necromancy
 16647 | Lair:3   | Found a staircase to the Shoals.
 16731 | Lair:3   | Reached skill level 10 in Spellcasting
 16736 | Lair:3   | Reached XP level 13. HP: 72/91 MP: 21/27
 18166 | Lair:4   | Reached ***** piety under Kikubaaqudgha
 18623 | Lair:5   | Entered Level 5 of the Lair of Beasts
 18660 | Lair:5   | Reached skill level 5 in Short Blades
 18660 | Lair:5   | Reached skill level 5 in Armour
 18956 | Lair:1   | Identified a scroll of acquirement
 18956 | Lair:1   | Acquired the +2 hat "Earthly Heaven" {Int+4 Dex+2}
 18978 | Lair:1   | Learned a level 5 spell: Borgnjor's Vile Clutch
 19359 | Lair:5   | Identified the +1 robe "Niozaus" {rElec rPois Dex+2 Stlth-}
 19600 | Lair:5   | Reached skill level 1 in Earth Magic
 19635 | Lair:5   | Found a staircase to the Slime Pits.
 19635 | Lair:5   | Found a viscous altar of Jiyva.
 19771 | Lair:5   | Reached XP level 14. HP: 94/101 MP: 23/28
 20003 | Lair:5   | Reached skill level 10 in Dodging
 20146 | Lair:5   | Reached skill level 14 in Necromancy
 20558 | Lair:5   | Learned a level 7 spell: Haunt
 21682 | D:11     | Learned a level 4 spell: Dispel Undead
 21983 | D:11     | Identified the +6 whip of Wyrd {elec, +Blink rElec rF+++
                  | rC- Stlth-}
 22106 | D:11     | Identified the +6 whip of Due Proportion {venom, Fly rN+
                  | rCorr MP+9}
 22449 | D:11     | Reached skill level 1 in Maces & Flails
 22961 | D:12     | You are sucked into a shaft and drop 3 floors!
 22961 | D:15     | Entered Level 15 of the Dungeon
 22962 | D:15     | Noticed a stone giant
 22962 | D:15     | Found a staircase to the Depths.
 23149 | D:14     | Noticed Kirke
 23811 | Orc:1    | You are sucked into a shaft and drop 1 floor!
 23811 | Orc:2    | Entered Level 2 of the Orcish Mines
 24000 | Orc:1    | Reached skill level 1 in Shields
 24325 | Orc:1    | Reached ****** piety under Kikubaaqudgha
 24471 | Orc:1    | Paralysed by an ogre mage for 2 turns
 24478 | Orc:1    | Reached XP level 15. HP: 104/112 MP: 30/30
 25087 | Orc:2    | Paralysed by an ogre mage for 5 turns
 25092 | Orc:2    | Mangled by a two-headed ogre

Illustrated notes

Levels and vault maps discovered:
D:1:      matt_arrival_refuge, layout_basic, chequers_serial_rivers_marsh
D:2:      layout_rooms, basic_ecumenical_altar
D:3:      layout_basic, mainiacjoe_overflow_surrounded_room
D:4:      minmay_spotlight, layout_rooms, nzn_hepliaklqana_mist_gate,
          minmay_overflow_temple_star_hex
D:5:      layout_cave_pools, mainiacjoe_overflow_brackets, xom_butterflies,
          uniq_eustachio, uniq_menkaure, uniq_sigmund
D:6:      layout_cave_pods, mainiacjoe_overflow_small_starburst,
          gammafunk_ghost_cemetery
D:7:      layout_rooms, nicolae_overflow_crystal_walls,
          minmay_temple_entry_butterflies, corexii_item_surrounded_by_moat
D:8:      layout_basic, chequers_serial_rivers_room_b, dk_noncrumbling_4,
          uniq_gastronok, uniq_jeremiah, uniq_prince_ribbit1
D:9:      layout_small_grid, kennysheep_little_box, uniq_pikel
D:10:     layout_basic, lair_entry_dummy, orc_david_3, minmay_radiant
D:11:     minmay_the_grid_triangle_9x9_recursive_2_mashed
          [minmay_the_grid_triangle_9x9_prize_top_heavy,
          minmay_the_grid_triangle_9x9_alien,
          minmay_the_grid_triangle_9x9_from_above,
          minmay_the_grid_triangle_9x9_windchime], layout_long_grid,
          gauntlet_entry_generic, minivault_26, nicolae_tso_carved_into_rock
D:12:     layout_small_grid
D:13:     layout_irregular_city, serial_column_ruins, column_ruins_circle_large,
          column_ruins_hut_pillars, column_ruins_open_tiny,
          column_ruins_corridor_dead_end, column_ruins_open_small,
          column_ruins_open_small_water, column_ruins_grid_1,
          column_ruins_columns_straight, portal_ice_cave_entry_pillars_2,
          hangedman_abyss_or_decor_lesser_grid, hangedman_cracks_in_the_wall
D:14:     layout_basic, david_vaults_2, minmay_staircase_bubble,
          trove_entry_hex_spiral, uniq_kirke
D:15:     grunt_enter_depths_snipers, layout_long_grid,
          serial_library_regret_index_multi
Temple:   compressed_dpeg_circular_temple
Lair:1:   layout_big_grid, gammafunk_ghost_necromancy,
          kennysheep_abandoned_house, serial_bayou_shore_b,
          infiniplex_staircase_pool_2, uniq_grum, uniq_harold, uniq_urug,
          uniq_erica
Lair:2:   layout_chaotic_city, nicolae_snake_entry_squirm,
          ebering_ghost_reflecting_pool
Lair:3:   layout_regular_city, minmay_shoals_entry_centaurs, grunt_megastairs_4
Lair:4:   layout_layer_cave, basic_altar
Lair:5:   wormcave, layout_cave_pods, hangedman_lair_in_review, slime_entry_1
Orc:1:    layout_caves, hellmonk_talismancer
Orc:2:    st_orc_ogre_mass, layout_caves

Skill      XL: |  1  2  3  4  5  6  7  8  9 10 11 12 13 14 15 |
---------------+----------------------------------------------+-----
Stealth        | 2 3 4 |  4.0
Dodging        | 2 3 4 6 7 8 9 10 | 10.0
Necromancy     | 5 6 8 10 11 12 13 14 | 14.5
Armour         | 1 2 3 4 5 7 |  7.5
Spellcasting   | 3 4 5 6 7 8 10 11 | 11.3
Fighting       | 1 2 3 4 5 6 8 |  8.9
Evocations     | 1 3 5 6 |  6.0
Summonings     | 2 5 7 8 |  8.2
Short Blades   | 1 4 5 6 |  6.0
Earth Magic    | 1 3 |  3.9
Maces & Flails | 3 4 |  4.4
Shields        | 1 3 |  3.4

Action                     |  1- 3 |  4- 6 |  7- 9 | 10-12 | 13-15 || total
---------------------------+-------+-------+-------+-------+-------++-------
  Melee: Dagger            |    38 |    84 |   178 |   557 |   375 ||  1232
         Unarmed           |     2 |       |       |       |       ||     2
         Punch             |       |       |     4 |     8 |    17 ||    29
         Touch             |       |       |       |   110 |   204 ||   314
         Whip              |       |       |       |       |   402 ||   402
  Throw: Stone             |       |       |     6 |     2 |       ||     8
         Dart              |       |       |       |     1 |     7 ||     8
   Cast: Necrotise         |    69 |    79 |   190 |    72 |     7 ||   417
         Vampiric Draining |       |       |    11 |    45 |       ||    56
         Animate Dead      |       |       |     3 |    34 |    27 ||    64
         Curse of Agony    |       |       |       |    52 |    77 ||   129
         Fugue of the Fall |       |       |       |     7 |       ||     7
         Summon Ice Beast  |       |       |       |     3 |       ||     3
         Sublimation of Bl |       |       |       |     2 |    13 ||    15
         Borgnjor's Vile C |       |       |       |       |    34 ||    34
         Dispel Undead     |       |       |       |       |     6 ||     6
 Invoke: Unearth Wretches  |       |       |     1 |     3 |       ||     4
  Evoke: Wand              |       |       |    19 |    12 |     3 ||    34
    Use: Scroll            |       |     5 |     5 |    17 |    14 ||    41
         Potion            |       |     1 |     4 |    10 |     3 ||    18
   Stab: Distracted        |       |     3 |       |     1 |     3 ||     7
         Paralysed         |       |       |       |     9 |       ||     9
         Sleeping          |       |       |       |     1 |       ||     1
 Armour: Robe              |    25 |       |       |       |       ||    25
         Leather armour    |    10 |    60 |   226 |   583 |   694 ||  1573
  Dodge: Dodged            |    48 |    67 |   231 |   594 |   762 ||  1702
  Block: Buckler           |       |       |       |       |    12 ||    12

Table legend: (Time is in decaauts)
 A = Elapsed time spent in this place.
 B = Non-inter-level travel time spent in this place.
 C = Inter-level travel time spent in this place.
 D = Time resting spent in this place.
 E = Time spent auto-exploring this place.
 F = Levels seen in this place.
 G = Mean time per level.
                   A        B        C        D        E       F      G
               +--------+--------+--------+--------+--------+-----+--------+
         Total |  24980 |  22740 |   2240 |   2295 |   7449 |  24 | 1040.8 |
       Dungeon |  16319 |  14945 |   1374 |   1917 |   4804 |  15 | 1087.9 |
        Temple |      1 |      1 |      0 |      0 |      0 |   1 |    1.0 |
          Lair |   6995 |   6252 |    743 |    287 |   2469 |   5 | 1399.0 |
  Orcish Mines |   1472 |   1349 |    123 |     91 |    175 |   2 |  736.0 |
      Gauntlet |    191 |    191 |      0 |      0 |      0 |   1 |  191.0 |
               +--------+--------+--------+--------+--------+-----+--------+

Top non-repeatable levels by time:
     D:9: 2612 daAuts
    D:10: 1859 daAuts
  Lair:5: 1838 daAuts
     D:8: 1817 daAuts
     D:6: 1560 daAuts
  Lair:4: 1503 daAuts
    D:11: 1491 daAuts
  Lair:1: 1299 daAuts
     D:1: 1214 daAuts
  Lair:2: 1212 daAuts
   Orc:1: 1186 daAuts
  Lair:3: 1141 daAuts
     D:7: 1079 daAuts
     D:5: 1061 daAuts
     D:4: 1046 daAuts
